Map: 环轨星港

Players

shengy

  • Race: Zerg Zerg
  • League: Gold

wOrm - Winner!

  • Race: Terran Terran

VOD

Have the link to the VOD?

Description

Time

  • Played on: Nov. 24, 2015, 11:11 p.m.
  • Length: 11:59
Show
View Real Time Build Order
Export as new Build Order

shengy Zerg 

Build Orders: Pool First, Lurkers 

Get SALT Encoding   

  12  0:01  Drone  
  13  0:08  Drone  
  14  0:17  Overlord  
  14  0:35  Drone x3  
  17  0:44  Spawning Pool  
  16  0:56  Drone  
  17  1:02  Drone  
  18  1:06  Extractor  
  18  1:08  Drone  
  18  1:19  Drone  
  19  1:29  Drone  
  19  1:32  Hatchery  
  19  1:40  Overlord  
  19  1:58  Drone  
  20  2:01  Drone  
  21  2:16  Drone  
  21  2:19  Queen  
  24  2:24  Zergling x2  
  25  2:36  Zergling x2  
  26  2:50  Spine Crawler  
  24  2:53  Zergling x4  
  24  2:54  Queen, Extractor  
  27  3:10  Drone  
  27  3:11  Drone  
  27  3:12  Metabolic Boost  
  29  3:13  Lair  
  29  3:15  Drone x2  
  32  3:20  Drone x2  
  33  3:38  Drone x2  
  35  3:46  Overlord x2  
  35  3:58  Drone  
  35  4:00  Overlord  
  36  4:03  Hatchery  
  35  4:12  Drone x2  
  35  4:13  Roach Warren  
  35  4:15  Evolution Chamber  
  35  4:17  Drone x2  
  37  4:27  Drone  
  37  4:28  Drone  
  37  4:31  Drone x2  
  41  4:48  Zerg Ground Armor Level 1  
  41  4:50  Drone x4  
  45  4:57  Hydralisk Den  
  44  5:03  Overseer  
  44  5:05  Pneumatized Carapace  
  44  5:08  Extractor, Drone x2  
  44  5:10  Glial Reconstitution  
  44  5:11  Overlord  
  44  5:12  Roach  
  47  5:17  Drone x3  
  50  5:24  Overlord  
  50  5:26  Queen  
  52  5:40  Drone x3  
  52  5:41  Drone x3  
  52  5:42  Extractor  
  55  6:05  Roach  
  55  6:06  Roach x5  
  66  6:12  Ravager  
  63  6:27  Ravager x2  
  63  6:29  Overlord  
  63  6:32  Hydralisk  
  65  7:07  Drone x2  
  67  7:10  Extractor  
  66  7:35  Drone x3  
  69  7:53  Drone x4  
  69  7:55  Overlord x3  
  69  7:56  Overlord x2  
  73  8:00  Hatchery  
  73  8:05  Spore Crawler  
  71  8:07  Spine Crawler  
  71  8:10  Overlord x4  
  70  8:16  Overseer  
  70  8:20  Drone x3  
  70  8:21  Extractor, Drone x4  
  76  8:40  Hydralisk  
  78  8:41  Hydralisk x3  
  78  8:42  Hydralisk  
  78  8:44  Zerg Ground Armor Level 2  
  78  8:47  Lurker Den  
  86  8:51  Drone  
  86  8:54  Extractor, Hatchery, Drone x6  
  91  9:22  Hydralisk x4  
  91  9:23  Hydralisk x5  
  108  10:19  Lurker x3  
  108  10:20  Lurker x5  
  116  10:24  Zergling x2  
  116  10:25  Zergling x16  
  107  11:01  Overlord x3  
  107  11:02  Overlord x4  
Show
View Real Time Build Order
Export as new Build Order

wOrm Terran - Winner!

Build Orders: Reaper Expand 

Get SALT Encoding   

  12  0:01  SCV  
  13  0:13  SCV  
  14  0:18  Supply Depot  
  14  0:25  SCV  
  15  0:36  Refinery  
  15  0:40  SCV  
  16  0:45  Barracks  
  16  0:52  SCV  
  17  1:04  SCV  
  18  1:16  SCV  
  19  1:32  Reaper  
  21  1:33  Orbital Command  
  20  1:41  Command Center  
  20  1:51  Supply Depot  
  20  2:04  Reaper  
  21  2:11  SCV  
  21  2:13  Bunker  
  22  2:24  SCV  
  22  2:27  Factory  
  23  2:30  Refinery  
  23  2:36  SCV  
  23  2:48  SCV  
  24  2:54  Command Center  
  24  2:57  Orbital Command  
  24  3:02  SCV  
  26  3:10  Barracks Reactor  
  26  3:11  Factory Tech Lab  
  24  3:14  SCV  
  24  3:18  Starport  
  25  3:23  SCV  
  25  3:27  SCV  
  27  3:35  SCV  
  27  3:39  SCV  
  29  3:47  SCV, Marine x2  
  32  3:49  Siege Tank  
  32  3:51  SCV  
  36  3:55  Engineering Bay  
  36  3:59  SCV  
  36  4:01  Viking  
  39  4:03  SCV  
  39  4:04  Barracks  
  39  4:06  Marine x2  
  42  4:13  SCV  
  42  4:14  Orbital Command  
  43  4:18  SCV  
  44  4:24  Siege Tank  
  44  4:25  SCV  
  44  4:26  Marine x2  
  50  4:33  Medivac  
  52  4:41  SCV x2  
  52  4:44  Refinery, Marine x2  
  55  4:47  Engineering Bay  
  55  4:48  SCV  
  55  4:52  Barracks Tech Lab  
  56  4:54  Engineering Bay  
  56  4:55  SCV x2  
  58  5:00  Barracks  
  58  5:02  SCV, Marine x2  
  61  5:25  Supply Depot  
  61  5:26  Supply Depot, Starport Reactor  
  61  5:27  Stimpack, SCV x3, Marine x2  
  61  5:28  Supply Depot, Marine  
  67  5:29  Terran Infantry Weapons Level 1  
  67  5:32  Terran Infantry Armor Level 1  
  67  5:35  Refinery  
  66  5:39  SCV x2  
  68  5:45  SCV  
  68  5:46  Marine x3  
  72  5:50  Supply Depot  
  72  5:51  Supply Depot, SCV  
  72  5:55  SCV  
  74  5:57  SCV  
  74  6:02  Orbital Command  
  74  6:07  SCV x2, Marine x2  
  79  6:12  Marine  
  79  6:22  Barracks x2  
  79  6:23  Starport Reactor  
  79  6:25  Marine  
  80  6:28  SCV x3  
  80  6:29  Marine  
  80  6:30  Marine x2  
  86  6:40  SCV x2  
  86  6:42  Missile Turret  
  86  6:44  Marine x2  
  86  6:45  Armory  
  90  6:47  Marine x2  
  90  6:51  SCV  
  90  6:52  SCV  
  94  6:54  Bunker  
  94  6:55  SCV  
  94  6:58  Marine  
  96  7:02  Marine  
  96  7:03  SCV  
  96  7:07  SCV x2, Marine  
  96  7:08  Marine x2  
  103  7:11  Barracks Tech Lab  
  103  7:16  Siege Tank, Marine  
  103  7:18  Starport Reactor  
  107  7:24  SCV x2  
  107  7:29  Supply Depot  
  109  7:30  Marine x3  
  109  7:35  Supply Depot, Terran Infantry Weapons Level 2, Terran Infantry Armor Level 2  
  109  7:37  Supply Depot  
  109  7:39  SCV x2  
  109  7:40  Supply Depot  
  109  7:43  Refinery  
  109  7:44  Marine x4  
  111  7:47  Refinery  
  111  7:51  Marine x3  
  120  8:00  Supply Depot  
  120  8:01  Terran Vehicle Weapons Level 1  
  120  8:02  Siege Tank  
  120  8:03  Marauder x2  
  125  8:07  SCV  
  125  8:12  Missile Turret x2  
  126  8:15  SCV x2  
  126  8:23  Medivac x2  
  130  8:28  Supply Depot  
  130  8:29  Supply Depot  
  130  8:30  SCV x3  
  130  8:32  Supply Depot  
  133  8:37  Supply Depot  
  133  8:42  SCV  
  133  8:47  SCV  
  135  8:51  Missile Turret  
  135  8:53  Missile Turret, Medivac x2  
  139  8:56  Marauder  
  139  8:58  Command Center  
  141  9:04  Supply Depot  
  141  9:10  Marine x5  
  141  9:11  Marauder  
  141  9:14  Bunker  
  141  9:15  SCV, Bunker  
  141  9:16  SCV x2  
  151  9:17  Marauder  
  151  9:18  Supply Depot  
  151  9:21  Siege Tank  
  156  9:39  Marauder x2, Marine x5  
  156  9:40  Marine  
  164  9:50  SCV  
  165  9:57  SCV x2, Marine x3  
  165  9:58  Factory  
  170  10:00  Marauder  
  170  10:04  Supply Depot  
  172  10:12  Marine x4  
  176  10:20  Marine x2  
  176  10:21  Marine  
  179  10:22  Marauder  
  181  10:30  Marine  
  181  10:31  Marauder, SCV  
  178  10:49  Marine x2  
  177  10:50  Factory Tech Lab, Marauder, Marine x4  
  177  10:52  Marauder  
  177  10:53  Starport  
  184  10:59  SCV x3, Starport  
  184  11:00  Planetary Fortress  
  184  11:01  Starport  
  185  11:18  Refinery  
  183  11:21  Refinery  
Tags
 
Add a new tag
Caveats
  • Supply blocks, unpowered buildings, or Contaminate may cause inaccurate times.
  • Supply counts are checked every 10 seconds.